 Dungeon Crawl Stone Soup version 0.16.2-2-g470672f (webtiles) character file.

169 monobi the Insei (level 5, 0/37 HPs)
             Began as an Octopode Monk on Sept 3, 2015.
             Slain by an ogre
             ... wielding a +0 giant spiked club
              (11 damage)
             ... on level 4 of the Dungeon.
             The game lasted 00:04:55 (2171 turns).

monobi the Insei (Octopode Monk)                    Turns: 2171, Time: 00:04:55

Health: 0/37       AC:  1    Str: 11    XL:     5   Next: 50%
Magic:  0/14       EV: 13    Int: 12    God:
Gold:   219        SH:  0    Dex: 15    Spells: 0 memorised, 4 levels left

rFire  . . .     SeeInvis .       - Unarmed
rCold  . . .     Clarity  .     (no shield)
rNeg   + . .     SustAb   .     (helmet restricted)
rPois  .         Gourm    .     c - amulet of guardian spirit
rElec  .         Spirit   +     n - ring of positive energy
rCorr  .         Warding  .     o - ring of magical power
rMut   .         Stasis   .     (no ring)
MR     .....                    (no ring)
Stlth  ++++......               (no ring)
                                (no ring)
                                (no ring)
                                (no ring)

@: not resistant to hostile enchantments, stealthy
A: almost no armour, amphibious, 8 rings, constrict 8, camouflage 1, gelatinous
body 1
a: no special abilities


You were on level 4 of the Dungeon.
You were hungry.

You visited 1 branch of the dungeon, and saw 4 of its levels.

You collected 219 gold pieces.

Inventory:

Jewellery
 c - an amulet of guardian spirit (around mantle)
 n - a ring of positive energy (left tentacle)
 o - a ring of magical power (right tentacle)
Magical devices
 q - a wand of teleportation (4)
Scrolls
 j - a scroll of teleportation
 s - 2 scrolls of remove curse
Potions
 d - a potion of cancellation {unknown}
 e - a potion of curing {unknown}
 g - a potion of might {unknown}
 h - 3 potions of heal wounds
 i - 2 potions of restore abilities {unknown}
 l - a potion of decay {unknown}
 p - a potion of flight {unknown}
Comestibles
 b - 3 bread rations
 f - a slice of pizza
 k - a beef jerky
 r - a meat ration


   Skills:
 + Level 3.7 Fighting
 + Level 3.4 Dodging
 + Level 4.9 Stealth
 + Level 5.1 Unarmed Combat


You had 4 spell levels left.
You didn't know any spells.

Dungeon Overview and Level Annotations

Branches:
Dungeon (4/15)
 Temple: D:4-7

Altars:
Nemelex Xobeh


Innate Abilities, Weirdness & Mutations

You cannot wear most types of armour.
You are amphibious.
You can wear up to eight rings at the same time.
You can use your tentacles to constrict many enemies at once.
Your skin changes colour to match your surroundings (Stealth).
Your rubbery body absorbs attacks (AC +1).


Message History

An ogre opens the door.
There is an open door here.
Which direction?
You close the door.
You open the door.
The ogre hits you with a giant spiked club!
* * * LOW HITPOINT WARNING * * *
There is an open door here.
You open the door. The ogre completely misses you.
An adder comes into view.
There is an open door here.
Found a mace.
A bat comes into view.
You see here a leather armour.
You see here 17 stones.
You open the door.
There is an open door here.
You open the door.
The ogre hits you with a giant spiked club!!
You die...

##.##.#........#
#...'.#........#+###.
+...#.'...............
##'##.#..............
##.##+#.............
'..+..'............
#####.#...........
#####'#........#'#
......#........+@+
......#........#O#
......+........#.#
+###'##........+.+
...............#.#
...............#.#
...............#.#
+####+#........+.+
...'..+........#.#


You could see an ogre.

Vanquished Creatures
  A scorpion (D:4)
  Terence (D:3)
  5 adders
  A worm (D:2)
  2 giant geckos
  An ooze (D:2)
  A ball python (D:2)
  2 giant cockroaches
  8 goblins
  12 hobgoblins
  4 kobolds
  2 quokkas
  4 bats
  3 giant newts
  4 rats
51 creatures vanquished.

Notes
Turn   | Place    | Note
--------------------------------------------------------------
     0 | D:1      | monobi, the Octopode Monk, began the quest for the Orb.
     0 | D:1      | Reached XP level 1. HP: 16/16 MP: 1/1
   220 | D:1      | Reached XP level 2. HP: 21/21 MP: 2/2
   313 | D:1      | Found a sparkling altar of Nemelex Xobeh.
   818 | D:2      | Reached XP level 3. HP: 23/26 MP: 1/3
  1098 | D:2      | Reached XP level 4. HP: 23/31 MP: 2/4
  1441 | D:3      | Noticed Terence
  1464 | D:3      | Killed Terence
  1591 | D:3      | Reached skill level 5 in Unarmed Combat
  1720 | D:3      | Reached XP level 5. HP: 33/36 MP: 5/5
  2085 | D:4      | Noticed an ogre
  2171 | D:4      | Slain by an ogre

Action                   |  1- 3 |  4- 6 || total
-------------------------+-------+-------++-------
Melee: Unarmed           |    60 |    52 ||   112
  Use: Scroll            |     2 |     4 ||     6
 Stab: Sleeping          |    11 |     6 ||    17
       Distracted        |       |     1 ||     1
  Eat: Chunk             |       |     1 ||     1
       Royal jelly       |       |     1 ||     1
